[Event "NJSK 2021 Meisjes C"]
[Site "Almelo, Netherlands"]
[Date "2021.08.03"]
[Round "3.1"]
[White "Maris, Lauri"]
[Black "Feng, Elysia"]
[Result "0-1"]
[WhiteElo "1669"]
[BlackElo "1650"]
[PlyCount "112"]
[EventDate "2021.??.??"]
[TimeControl "90/40+30:0"]

1. e4 {0} e5 {4} 2. Nf3 {5} Nc6 {6} 3. Bc4 {5} Bc5 {7} 4. Nc3 {6} Nf6 {10} 5.
d3 {36} d6 {30} 6. h3 {11} h6 {7} 7. O-O {8} Be6 {14} 8. Bb3 {25} Qd7 {54} 9.
Kh2 {34} g5 {289} 10. Ng1 {258} g4 {236} 11. h4 {87} g3+ {418} 12. Kxg3 {646}
Rg8+ {25} 13. Kh2 {96} Ng4+ {16} 14. Kh1 {15} Nxf2+ {16} 15. Rxf2 {27} Bxf2 {15
} 16. Bxe6 {170} Qxe6 {20} 17. h5 {196} O-O-O {84} 18. Nh3 {23} Bd4 {70} 19.
Qf3 {85} Rdf8 {165} 20. Qf5 {176} Rh8 {122} 21. a3 {120} Qxf5 {17} 22. exf5 {9}
f6 {17} 23. Nd5 {129} Kd7 {43} 24. c3 {118} Bb6 {23} 25. Bd2 {63} Ne7 {19} 26.
Nxe7 {29} Kxe7 {6} 27. Re1 {48} Kf7 {90} 28. Re2 {57} Rfg8 {10} 29. Kh2 {78}
Rg4 {55} 30. Bc1 {229} Rhg8 {139} 31. Bxh6 {175} Rh4 {20} 32. Be3 {60} Bxe3 {15
} 33. Rxe3 {5} Rxh5 {5} 34. Rf3 {17} Rgg5 {72} 35. Kg1 {83} Rxf5 {11} 36. Re3 {
28} Rh4 {60} 37. b4 {60} Rfh5 {26} 38. Rf3 {20} f5 {24} 39. Kh2 {37} f4 {16}
40. c4 {29} Ke6 {11} 41. Kg1 {28} d5 {21} 42. c5 {48} b6 {16} 43. cxb6 {29}
axb6 {11} 44. d4 {49} Rh8 {55} 45. dxe5 {52} Kxe5 {6} 46. Kf2 {58} Ke4 {21} 47.
Ke2 {51} Rg8 {16} 48. Nf2+ {43} Kd4 {46} 49. Kf1 {108} Rg3 {35} 50. Rxg3 {37}
fxg3 {9} 51. Nh3 {13} Kc3 {14} 52. Ng5 {18} d4 {47} 53. Ke2 {38} d3+ {25} 54.
Ke3 {11} d2 {45} 55. Ne4+ {20} Rxe4+ {7} 56. Kxe4 {8} d1=Q {6} 0-1

[Event "NJSK 2021 Meisjes C"]
[Site "Almelo, Netherlands"]
[Date "2021.08.03"]
[Round "3.2"]
[White "Damen, Josephine"]
[Black "Ganeshram, Nirupa"]
[Result "0-1"]
[WhiteElo "1343"]
[BlackElo "1378"]
[PlyCount "44"]
[EventDate "2021.??.??"]
[TimeControl "90/40+30:0"]

1. e4 {1} c5 {5} 2. Nf3 {5} Nc6 {8} 3. d4 {10} cxd4 {9} 4. Nxd4 {4} g6 {21} 5.
Nc3 {34} Bg7 {34} 6. Be3 {44} Nf6 {58} 7. f3 {96} d5 {253} 8. Bb5 {700} Bd7 {
926} 9. exd5 {513} Nb4 {440} 10. Bc4 {597} a5 {694} 11. Ndb5 {1192} Rc8 {778}
12. Be2 {942} Bf5 {482} 13. Nd4 {488} Nfxd5 {708} 14. Nxf5 {65} gxf5 {41} 15.
Bb5+ {558} Kf8 {77} 16. Nxd5 {182} Nxc2+ {392} 17. Ke2 {8} Nxa1 {173} 18. Nb6 {
96} Rc2+ {134} 19. Ke1 {10} Qxd1+ {89} 20. Kxd1 {6} Rxb2 {154} 21. Nd7+ {87}
Kg8 {51} 22. Bc4 {76} Rb1+ {208} 0-1

[Event "NJSK 2021 Meisjes C"]
[Site "Almelo, Netherlands"]
[Date "2021.08.03"]
[Round "3.3"]
[White "Gergin, Isafara"]
[Black "Pham, Lan"]
[Result "1-0"]
[WhiteElo "1650"]
[BlackElo "1702"]
[PlyCount "45"]
[EventDate "2021.??.??"]
[TimeControl "90/40+30:0"]

1. e4 {3} e5 {8} 2. Nf3 {5} Nc6 {10} 3. Bc4 {8} Bc5 {11} 4. c3 {6} d6 {142} 5.
d3 {26} h6 {40} 6. Bb3 {66} a6 {59} 7. Nbd2 {31} Nf6 {61} 8. h3 {88} O-O {27}
9. Nf1 {56} Ne7 {147} 10. Ne3 {225} Be6 {209} 11. Bc2 {120} Ng6 {190} 12. g4 {
535} Nd7 {462} 13. Nf5 {393} Bxf5 {150} 14. gxf5 {30} Nf4 {25} 15. Bxf4 {56}
exf4 {17} 16. d4 {87} Ba7 {19} 17. Qd2 {57} g5 {313} 18. h4 {502} Kg7 {186} 19.
hxg5 {643} hxg5 {35} 20. Nxg5 {401} Qxg5 {1210} 21. O-O-O {120} Qd8 {221} 22.
Qxf4 {97} Rh8 {1240} 23. Rdg1+ {98} 1-0

[Event "NJSK 2021 Meisjes C"]
[Site "Almelo, Netherlands"]
[Date "2021.08.03"]
[Round "3.4"]
[White "Knobbe, Elise"]
[Black "Westerhof, Fleur"]
[Result "1/2-1/2"]
[WhiteElo "767"]
[BlackElo "1502"]
[PlyCount "74"]
[EventDate "2021.??.??"]
[TimeControl "90/40+30:0"]

1. c4 {2} e6 {6} 2. Nc3 {18} Nf6 {19} 3. g3 {19} d5 {57} 4. e3 {102} b6 {223}
5. d4 {46} Bb7 {84} 6. Bg2 {37} Nbd7 {127} 7. Nge2 {111} Bd6 {118} 8. O-O {81}
O-O {87} 9. b3 {44} Rb8 {141} 10. Bb2 {30} dxc4 {360} 11. bxc4 {141} Bxg2 {163}
12. Kxg2 {14} Ng4 {698} 13. h3 {185} Nh6 {185} 14. Ne4 {149} Be7 {87} 15. Rb1 {
274} f5 {199} 16. N4c3 {123} Rf6 {93} 17. Nf4 {111} Bd6 {88} 18. Nce2 {88} g5 {
339} 19. Nd3 {516} Rg6 {73} 20. Qc2 {300} Qf6 {199} 21. c5 {75} Be7 {390} 22.
cxb6 {231} cxb6 {265} 23. Qc7 {42} Rd8 {11} 24. Ne5 {84} Nxe5 {33} 25. dxe5 {22
} Qf7 {15} 26. Nd4 {75} Rg7 {208} 27. Nc6 {64} Re8 {45} 28. Qxa7 {161} Qh5 {87}
29. Nxe7+ {84} Rgxe7 {79} 30. Qxb6 {42} Qe2 {77} 31. Qd4 {126} g4 {106} 32. Qf4
{213} gxh3+ {74} 33. Kxh3 {26} Ng4 {29} 34. Kg2 {85} Rg7 {96} 35. Rfe1 {90} Qc2
{26} 36. Rec1 {40} Qe2 {26} 37. Re1 {20} Qc2 {109} 1/2-1/2

[Event "NJSK 2021 Meisjes C"]
[Site "Almelo, Netherlands"]
[Date "2021.08.03"]
[Round "3.5"]
[White "Luijkx, Dagmar"]
[Black "Liu, Chia-Yun"]
[Result "0-1"]
[WhiteElo "822"]
[BlackElo "813"]
[PlyCount "62"]
[EventDate "2021.??.??"]
[TimeControl "90/40+30:0"]

1. e4 {0} e5 {11} 2. Nc3 {16} Nf6 {20} 3. f4 {13} d5 {54} 4. fxe5 {116} Nxe4 {
37} 5. Qf3 {17} Nc6 {49} 6. Bb5 {83} Nxc3 {123} 7. Qxc3 {55} Qh4+ {157} 8. g3 {
106} Qe4+ {46} 9. Kf1 {119} Qxh1 {153} 10. Bxc6+ {46} Kd8 {138} 11. Ba4 {236}
Bh3+ {40} 12. Ke2 {161} Qg2+ {206} 13. Ke3 {240} Qxg1+ {66} 14. Kf3 {117} Qg2+
{160} 15. Ke3 {240} Qe4+ {152} 16. Kf2 {116} Qxa4 {168} 17. d4 {161} Bb4 {273}
18. Qd3 {148} Rf8 {76} 19. b3 {76} Qa5 {111} 20. Bg5+ {109} Be7 {124} 21. Bd2 {
118} Qb6 {43} 22. c3 {67} f6 {49} 23. exf6 {32} Qxf6+ {139} 24. Bf4 {70} g5 {59
} 25. Qxh7 {31} gxf4 {96} 26. Qxh3 {95} fxg3+ {91} 27. Kg2 {43} Qf2+ {136} 28.
Kh1 {89} gxh2 {105} 29. Qe6 {77} Qf3+ {87} 30. Kxh2 {23} Rh8+ {30} 31. Kg1 {28}
Rh1# {23} 0-1

[Event "NJSK 2021 Meisjes C"]
[Site "Almelo, Netherlands"]
[Date "2021.08.03"]
[Round "3.6"]
[White "Yeh, Nora"]
[Black "Visser, Alma"]
[Result "1-0"]
[WhiteElo "1650"]
[BlackElo "910"]
[PlyCount "143"]
[EventDate "2021.??.??"]
[TimeControl "90/40+30:0"]

1. d4 {0} d5 {6} 2. Nf3 {6} Nc6 {17} 3. Bf4 {8} Nf6 {22} 4. e3 {13} Bf5 {17} 5.
Bb5 {33} Bd7 {53} 6. Nbd2 {178} e6 {62} 7. Bxc6 {68} Bxc6 {20} 8. O-O {29} Bd6
{107} 9. Bxd6 {18} Qxd6 {13} 10. Ne5 {77} Nd7 {135} 11. Ndf3 {72} f6 {65} 12.
Nxc6 {82} Qxc6 {20} 13. c3 {99} g5 {97} 14. Nd2 {478} h5 {147} 15. Qc2 {623} f5
{105} 16. c4 {602} g4 {132} 17. Rac1 {336} h4 {181} 18. cxd5 {1172} Qxd5 {57}
19. Qc4 {276} Qxc4 {126} 20. Nxc4 {91} O-O-O {55} 21. Nd6+ {89} Kb8 {49} 22.
Nf7 {53} h3 {41} 23. g3 {354} Rhf8 {92} 24. Nxd8 {25} Rxd8 {6} 25. f3 {135} e5
{149} 26. Rcd1 {462} Re8 {43} 27. d5 {274} Nb6 {65} 28. b3 {227} Rd8 {48} 29.
fxg4 {71} fxg4 {34} 30. e4 {36} a6 {78} 31. Rf5 {73} Nd7 {28} 32. Rg5 {73} Nf6
{23} 33. Rxe5 {103} b6 {0} 34. Re6 {81} Ne8 {32} 35. e5 {74} Ng7 {24} 36. Rg6 {
17} Nf5 {13} 37. Rg5 {84} Ne3 {20} 38. Rd2 {17} Nxd5 {14} 39. Rxg4 {46} Kb7 {29
} 40. Rgd4 {46} c6 {14} 41. e6 {158} Kc7 {21} 42. Re4 {333} Nc3 {30} 43. Rxd8 {
78} Kxd8 {1} 44. Rc4 {162} Nxa2 {11} 45. Rxc6 {41} b5 {41} 46. Rxa6 {20} Nb4 {
10} 47. Rb6 {63} Ke7 {21} 48. Rxb5 {22} Nd3 {13} 49. Rb6 {56} Nc5 {20} 50. b4 {
35} Nxe6 {12} 51. Rxe6+ {138} Kxe6 {28} 52. Kf2 {29} Ke5 {35} 53. Ke3 {116} Kf5
{23} 54. b5 {86} Ke6 {8} 55. g4 {27} Ke7 {17} 56. g5 {20} Ke6 {21} 57. g6 {12}
Ke7 {7} 58. g7 {8} Kf7 {3} 59. b6 {8} Kxg7 {6} 60. b7 {6} Kf6 {5} 61. b8=Q {8}
Ke6 {9} 62. Qb5 {9} Kd6 {11} 63. Kd4 {6} Ke6 {21} 64. Qe5+ {4} Kd7 {21} 65. Qf6
{6} Kc7 {8} 66. Kc5 {4} Kd7 {25} 67. Qd6+ {4} Ke8 {19} 68. Qc7 {5} Kf8 {7} 69.
Kd6 {5} Kg8 {8} 70. Ke6 {4} Kh8 {17} 71. Kf6 {8} Kg8 {6} 72. Qg7# {4} 1-0

[Event "NJSK 2021 Meisjes C"]
[Site "Almelo, Netherlands"]
[Date "2021.08.03"]
[Round "3.7"]
[White "Wortman, Manixia"]
[Black "Jorritsma, Eli Alia"]
[Result "0-1"]
[WhiteElo "995"]
[BlackElo "1050"]
[PlyCount "84"]
[EventDate "2021.??.??"]
[TimeControl "90/40+30:0"]

1. e4 {2} c6 {6} 2. d4 {9} d5 {6} 3. f3 {7} Nd7 {295} 4. e5 {34} e6 {95} 5. Nc3
{20} Ne7 {266} 6. Bd2 {221} Nf5 {108} 7. Bc1 {265} Qh4+ {151} 8. Kd2 {507} Ng3
{219} 9. Qe1 {119} Qxd4+ {77} 10. Bd3 {27} Nxh1 {16} 11. Nge2 {155} Qb6 {106}
12. Qxh1 {172} Nxe5 {116} 13. Qg1 {224} Qxg1 {285} 14. Nxg1 {14} Bb4 {18} 15.
Nge2 {73} c5 {124} 16. Bb5+ {51} Bd7 {44} 17. Bxd7+ {36} Kxd7 {19} 18. a3 {33}
Ba5 {24} 19. Kd1 {46} d4 {71} 20. Ne4 {45} b6 {108} 21. Bf4 {135} Ng6 {134} 22.
Bg3 {45} e5 {174} 23. Rb1 {53} f5 {80} 24. Ng5 {30} b5 {97} 25. Nf7 {34} Rhf8 {
74} 26. Nxe5+ {115} Nxe5 {9} 27. Bxe5 {8} Rf7 {43} 28. c3 {205} dxc3 {175} 29.
Bxc3 {35} Bxc3 {9} 30. Nxc3 {6} a6 {44} 31. Nd5 {73} Kc6 {209} 32. Nf4 {54}
Rd8+ {283} 33. Kc2 {23} Rfd7 {131} 34. Kc3 {112} g5 {107} 35. Ne6 {142} Rd3+ {
27} 36. Kc2 {39} Rd2+ {7} 37. Kb3 {30} R8d3+ {56} 38. Ka2 {22} Rxg2 {121} 39.
h4 {179} h6 {78} 40. hxg5 {224} hxg5 {10} 41. Rc1 {12} c4 {42} 42. Re1 {200} c3
{119} 0-1

[Event "NJSK 2021 Meisjes C"]
[Site "Almelo, Netherlands"]
[Date "2021.08.04"]
[Round "4.1"]
[White "Feng, Elysia"]
[Black "Gergin, Isafara"]
[Result "0-1"]
[WhiteElo "1650"]
[BlackElo "1650"]
[PlyCount "40"]
[EventDate "2021.??.??"]
[TimeControl "90/40+30:0"]

1. e4 {1} c5 {6} 2. Nf3 {5} Nc6 {6} 3. d4 {8} cxd4 {7} 4. Nxd4 {6} Nf6 {9} 5.
Nc3 {8} e5 {7} 6. Ndb5 {14} d6 {8} 7. Bg5 {79} a6 {30} 8. Na3 {8} b5 {10} 9.
Nd5 {36} Be7 {15} 10. c4 {470} b4 {418} 11. Nxb4 {484} Qa5 {527} 12. Bd2 {23}
Nxb4 {52} 13. Qb3 {117} Rb8 {68} 14. Ke2 {384} Nxe4 {543} 15. Be1 {54} Qc5 {460
} 16. f3 {1218} Nc6 {503} 17. Qa4 {113} Rxb2+ {327} 18. Nc2 {77} Rxc2+ {37} 19.
Kd1 {77} Nc3+ {353} 20. Bxc3 {140} Rxc3 {81} 0-1

[Event "NJSK 2021 Meisjes C"]
[Site "Almelo, Netherlands"]
[Date "2021.08.04"]
[Round "4.2"]
[White "Ganeshram, Nirupa"]
[Black "Maris, Lauri"]
[Result "1/2-1/2"]
[WhiteElo "1378"]
[BlackElo "1669"]
[PlyCount "72"]
[EventDate "2021.??.??"]
[TimeControl "90/40+30:0"]

1. e4 {0} e5 {6} 2. Nf3 {4} Nc6 {4} 3. Nc3 {7} Nf6 {8} 4. Bb5 {8} d6 {100} 5.
d4 {79} exd4 {24} 6. Nxd4 {56} Bd7 {13} 7. Nxc6 {66} Bxc6 {10} 8. Bxc6+ {79}
bxc6 {5} 9. O-O {75} Be7 {23} 10. Bg5 {294} Nd7 {100} 11. Bxe7 {179} Qxe7 {10}
12. Qe2 {127} O-O {21} 13. f4 {130} Kh8 {78} 14. b3 {422} Qe6 {313} 15. Rae1 {
248} f6 {161} 16. Qa6 {134} c5 {154} 17. Nd5 {156} Rfc8 {97} 18. Qb7 {333} Nb6
{233} 19. a4 {562} Rab8 {1118} 20. Qxa7 {531} Nxd5 {50} 21. exd5 {18} Qxd5 {15}
22. Qa6 {144} Qd4+ {194} 23. Kh1 {57} Qd5 {480} 24. Qe2 {167} Qf7 {169} 25. Qd3
{839} Re8 {221} 26. Rxe8+ {106} Qxe8 {83} 27. Qd2 {104} c4 {404} 28. Qc3 {175}
cxb3 {100} 29. cxb3 {15} h6 {112} 30. h3 {481} c5 {135} 31. Rd1 {104} Qe2 {464}
32. Qd3 {275} Qxd3 {49} 33. Rxd3 {3} Rb6 {24} 34. Kg1 {73} Kg8 {24} 35. Kf2 {44
} Kf7 {34} 36. f5 {15} Ke7 {104} 1/2-1/2

[Event "NJSK 2021 Meisjes C"]
[Site "Almelo, Netherlands"]
[Date "2021.08.04"]
[Round "4.3"]
[White "Liu, Chia-Yun"]
[Black "Damen, Josephine"]
[Result "0-1"]
[WhiteElo "813"]
[BlackElo "1343"]
[PlyCount "98"]
[EventDate "2021.??.??"]
[TimeControl "90/40+30:0"]

1. e4 {1} e5 {4} 2. Nf3 {11} Nc6 {11} 3. Bc4 {15} Nf6 {5} 4. d3 {41} Bc5 {6} 5.
O-O {20} d6 {26} 6. c3 {45} O-O {74} 7. Nbd2 {32} Be6 {38} 8. a4 {47} a5 {68}
9. h3 {103} Qd7 {337} 10. Bxe6 {92} fxe6 {177} 11. Nc4 {250} Nh5 {1601} 12. d4
{371} exd4 {292} 13. cxd4 {315} Bb4 {203} 14. b3 {311} Nf4 {635} 15. Bxf4 {91}
Rxf4 {11} 16. Qd3 {236} Raf8 {324} 17. Rac1 {208} Qe7 {297} 18. Rfd1 {187} Qf7
{671} 19. e5 {447} Qh5 {369} 20. exd6 {325} cxd6 {23} 21. Nxd6 {76} Bxd6 {149}
22. d5 {320} Qxd5 {309} 23. Qxd5 {64} exd5 {5} 24. Rxd5 {66} Ba3 {28} 25. Re1 {
47} Bb4 {47} 26. Re3 {72} R4f5 {91} 27. Rd7 {144} R5f7 {38} 28. Rxf7 {54} Rxf7
{16} 29. Ng5 {67} Rf5 {142} 30. h4 {148} h6 {9} 31. g4 {149} Rf4 {52} 32. Re8+
{32} Rf8 {20} 33. Rxf8+ {31} Kxf8 {7} 34. Ne6+ {73} Kf7 {37} 35. Nc7 {93} Nd4 {
21} 36. Nd5 {36} Nxb3 {25} 37. Nxb4 {14} axb4 {8} 38. Kf1 {15} Nd4 {58} 39. Ke1
{39} b3 {8} 40. Kd2 {124} b2 {12} 41. Kc3 {30} b1=Q {12} 42. Kxd4 {11} Qb4+ {13
} 43. Ke5 {20} Qxg4 {27} 44. f4 {21} Qe6+ {24} 45. Kd4 {15} Qd7+ {13} 46. Ke5 {
18} Qxa4 {12} 47. Kf5 {27} b5 {19} 48. Kg4 {23} b4 {5} 49. Kh5 {29} Qd1# {17}
0-1

[Event "NJSK 2021 Meisjes C"]
[Site "Almelo, Netherlands"]
[Date "2021.08.04"]
[Round "4.4"]
[White "Yeh, Nora"]
[Black "Westerhof, Fleur"]
[Result "1/2-1/2"]
[WhiteElo "1650"]
[BlackElo "1502"]
[PlyCount "48"]
[EventDate "2021.??.??"]
[TimeControl "90/40+30:0"]

1. d4 {3} d5 {9} 2. Nf3 {4} Nf6 {11} 3. Bf4 {12} Bf5 {9} 4. e3 {11} e6 {8} 5.
c4 {22} Bxb1 {11} 6. Rxb1 {14} Bb4+ {9} 7. Ke2 {368} dxc4 {123} 8. Qa4+ {351}
Nc6 {25} 9. Ne5 {291} Nd5 {29} 10. Nxc6 {454} Qd7 {30} 11. a3 {704} Bd6 {538}
12. Bxd6 {208} cxd6 {26} 13. Qxc4 {221} Rc8 {728} 14. Ke1 {644} Rxc6 {218} 15.
Qb3 {253} Rb6 {252} 16. Qc2 {197} O-O {52} 17. Bd3 {214} h6 {153} 18. Ke2 {389}
Rc8 {110} 19. Qd2 {144} Qe7 {588} 20. Rhc1 {212} Rbc6 {143} 21. Rxc6 {52} Rxc6
{17} 22. Rc1 {46} Qc7 {94} 23. Rxc6 {68} Qxc6 {44} 24. Qc2 {52} Qxc2+ {20}
1/2-1/2

[Event "NJSK 2021 Meisjes C"]
[Site "Almelo, Netherlands"]
[Date "2021.08.04"]
[Round "4.5"]
[White "Jorritsma, Eli Alia"]
[Black "Knobbe, Elise"]
[Result "0-1"]
[WhiteElo "1050"]
[BlackElo "767"]
[PlyCount "38"]
[EventDate "2021.??.??"]
[TimeControl "90/40+30:0"]

1. Nf3 {1} c5 {9} 2. b3 {15} d5 {17} 3. Bb2 {11} f6 {24} 4. e3 {460} e5 {378}
5. Nh4 {334} Nh6 {109} 6. c4 {83} d4 {133} 7. exd4 {475} cxd4 {14} 8. d3 {130}
Bc5 {178} 9. Qh5+ {75} Nf7 {24} 10. g3 {506} O-O {214} 11. Bg2 {75} Qc7 {492}
12. Be4 {182} Ng5 {224} 13. Bg2 {421} Nc6 {181} 14. Bc1 {86} Bb4+ {265} 15. Bd2
{206} Bh3 {203} 16. Bd5+ {149} Be6 {98} 17. Bxc6 {122} Bxd2+ {58} 18. Nxd2 {9}
Qxc6 {34} 19. Nhf3 {104} g6 {152} 0-1

[Event "NJSK 2021 Meisjes C"]
[Site "Almelo, Netherlands"]
[Date "2021.08.04"]
[Round "4.6"]
[White "Pham, Lan"]
[Black "Luijkx, Dagmar"]
[Result "0-1"]
[WhiteElo "1702"]
[BlackElo "822"]
[PlyCount "148"]
[EventDate "2021.??.??"]
[TimeControl "90/40+30:0"]

1. e4 {1} e5 {17} 2. Nf3 {8} Nc6 {29} 3. Bc4 {12} Bc5 {18} 4. Nc3 {11} Nf6 {48}
5. d3 {17} d6 {19} 6. h3 {25} h6 {64} 7. Be3 {87} Bb6 {28} 8. Qe2 {27} Nd4 {37}
9. Bxd4 {47} Bxd4 {46} 10. Nxd4 {48} exd4 {17} 11. Nd5 {96} O-O {145} 12. Qf3 {
141} Nxd5 {73} 13. Bxd5 {31} c6 {50} 14. Bb3 {16} a5 {85} 15. a4 {52} d5 {64}
16. exd5 {39} Re8+ {27} 17. Kf1 {86} cxd5 {63} 18. Bxd5 {67} Qe7 {108} 19. g3 {
121} Be6 {36} 20. Bxe6 {55} Qxe6 {59} 21. Kg2 {48} Qb6 {43} 22. Rab1 {76} Qb4 {
43} 23. b3 {174} b6 {61} 24. Rbc1 {153} Rac8 {211} 25. Qd1 {223} Rc7 {204} 26.
Rf1 {807} Rec8 {217} 27. Re1 {100} Qa3 {363} 28. Re2 {134} Rc3 {40} 29. Kf3 {
943} Rxb3 {230} 30. Re8+ {292} Rxe8 {50} 31. cxb3 {7} Re6 {325} 32. Kg2 {339}
Qd6 {284} 33. Rc4 {160} Qd5+ {158} 34. Qf3 {136} Qd7 {177} 35. Qf4 {152} Rd6 {
352} 36. Qg4 {35} Qb7+ {159} 37. Qf3 {255} Qxf3+ {48} 38. Kxf3 {6} Kf8 {50} 39.
Ke4 {36} Rf6 {23} 40. Rxd4 {58} Rxf2 {15} 41. Rd8+ {50} Ke7 {21} 42. Rb8 {9}
Rf6 {28} 43. Rc8 {195} Re6+ {92} 44. Kd4 {120} Rf6 {25} 45. Kc3 {159} Rf3 {30}
46. Rc6 {24} Rxg3 {51} 47. Rxb6 {14} Rxh3 {23} 48. b4 {57} axb4+ {17} 49. Rxb4
{9} Rh5 {29} 50. Kc4 {22} Ra5 {24} 51. Kb3 {108} h5 {43} 52. Rb7+ {34} Ke6 {39}
53. Rb6+ {93} Kf5 {72} 54. Rb5+ {45} Rxb5+ {62} 55. axb5 {6} Ke6 {11} 56. Kc4 {
29} Kd6 {27} 57. Kb4 {12} h4 {21} 58. Ka5 {8} Kc7 {7} 59. b6+ {32} Kb7 {10} 60.
d4 {7} h3 {16} 61. d5 {11} h2 {19} 62. d6 {4} h1=Q {18} 63. d7 {6} Qd1 {15} 64.
d8=N+ {45} Qxd8 {31} 65. Ka4 {14} Qxb6 {10} 66. Ka3 {14} Qd4 {8} 67. Kb3 {17}
g5 {17} 68. Kc2 {13} g4 {6} 69. Kb1 {16} g3 {3} 70. Ka2 {14} g2 {9} 71. Kb3 {17
} g1=Q {17} 72. Ka3 {14} Qge3+ {12} 73. Ka2 {12} Qdd2+ {20} 74. Ka1 {14} Qee1#
{28} 0-1

[Event "NJSK 2021 Meisjes C"]
[Site "Almelo, Netherlands"]
[Date "2021.08.04"]
[Round "4.7"]
[White "Visser, Alma"]
[Black "Wortman, Manixia"]
[Result "0-1"]
[WhiteElo "910"]
[BlackElo "995"]
[PlyCount "162"]
[EventDate "2021.??.??"]
[TimeControl "90/40+30:0"]

1. c4 {3} c6 {11} 2. Nc3 {7} d5 {9} 3. b3 {12} d4 {22} 4. Ne4 {28} Bf5 {105} 5.
Ng3 {19} Bg6 {19} 6. Bb2 {31} e5 {65} 7. Nf3 {36} Nd7 {69} 8. e3 {25} c5 {50}
9. a3 {31} Ngf6 {71} 10. b4 {13} Qb6 {263} 11. b5 {47} Be7 {92} 12. Ne2 {73} d3
{232} 13. Nc1 {23} e4 {46} 14. Ne5 {46} Nxe5 {60} 15. Bxe5 {11} Qe6 {18} 16.
Bxf6 {36} Bxf6 {24} 17. Qa4 {46} Bxa1 {88} 18. Nb3 {37} Qf6 {167} 19. Nxc5 {42}
b6 {115} 20. Nb3 {48} O-O {110} 21. c5 {20} Qb2 {61} 22. Nd4 {84} Bh5 {123} 23.
f3 {17} Qb1+ {26} 24. Qd1 {30} Qxd1+ {40} 25. Kxd1 {7} Bxd4 {16} 26. exd4 {8}
exf3 {29} 27. Kc1 {27} fxg2 {37} 28. Bxg2 {12} Rac8 {19} 29. c6 {19} Rfd8 {27}
30. d5 {26} Kf8 {84} 31. Re1 {8} Be2 {97} 32. Rg1 {60} g6 {69} 33. Bh3 {26} Rc7
{55} 34. Rg5 {24} Bf3 {56} 35. Bf1 {32} Rxd5 {35} 36. Rxd5 {10} Bxd5 {10} 37.
Bxd3 {9} f5 {81} 38. Kc2 {19} Be4 {25} 39. Bxe4 {14} fxe4 {9} 40. d4 {19} exd3+
{14} 41. Kxd3 {11} Ke7 {11} 42. Kc4 {14} Kd6 {48} 43. Kd4 {12} h5 {31} 44. h4 {
31} g5 {35} 45. hxg5 {7} h4 {9} 46. Ke3 {20} h3 {14} 47. Kf2 {4} h2 {19} 48.
Kg2 {8} h1=Q+ {27} 49. Kxh1 {8} Rg7 {23} 50. Kg2 {9} Rxg5+ {13} 51. Kf3 {28}
Rxb5 {17} 52. Ke3 {24} Rb3+ {18} 53. Kd4 {16} Rxa3 {18} 54. Ke4 {12} Ra5 {9}
55. Kd4 {18} Kxc6 {34} 56. Ke4 {13} Kd6 {32} 57. Kf4 {4} Ke6 {15} 58. Kg4 {5}
Kf6 {8} 59. Kh4 {2} Kg6 {9} 60. Kg4 {7} Ra4+ {11} 61. Kf3 {17} Kf5 {18} 62. Ke3
{7} Rh4 {19} 63. Kd3 {10} Ke5 {10} 64. Kc3 {6} Kd5 {11} 65. Kb3 {4} Kc5 {9} 66.
Ka3 {5} Kb5 {7} 67. Kb3 {6} Rh3+ {10} 68. Kc2 {3} Kc4 {22} 69. Kd2 {6} Ra3 {13}
70. Ke2 {4} Kd4 {13} 71. Kf2 {3} Ke4 {18} 72. Kg2 {8} Kf4 {10} 73. Kh2 {4} Kg4
{12} 74. Kg2 {7} Ra2+ {12} 75. Kf1 {11} Kf3 {17} 76. Ke1 {6} Rh2 {6} 77. Kd1 {
18} Ke3 {11} 78. Kc1 {2} Kd3 {9} 79. Kb1 {10} Kc3 {16} 80. Ka1 {6} Kb3 {7} 81.
Kb1 {10} Rh1# {11} 0-1

[Event "NJSK 2021 Meisjes C"]
[Site "Almelo, Netherlands"]
[Date "2021.08.05"]
[Round "5.1"]
[White "Gergin, Isafara"]
[Black "Knobbe, Elise"]
[Result "1-0"]
[WhiteElo "1650"]
[BlackElo "767"]
[PlyCount "107"]
[EventDate "2021.??.??"]
[TimeControl "90/40+30:0"]

1. e4 {2} c5 {8} 2. Nf3 {5} Nc6 {10} 3. d4 {8} cxd4 {11} 4. Nxd4 {6} g6 {24} 5.
Nc3 {17} Bg7 {9} 6. Be3 {8} Nf6 {46} 7. Be2 {25} O-O {87} 8. O-O {20} d5 {100}
9. exd5 {219} Nxd5 {74} 10. Nxc6 {155} bxc6 {107} 11. Nxd5 {49} cxd5 {145} 12.
c3 {169} e6 {127} 13. Qd2 {126} Qc7 {151} 14. Rac1 {277} Bb7 {237} 15. Bf3 {328
} Qd7 {223} 16. Rfd1 {325} Rfd8 {113} 17. Qe2 {559} Qc6 {696} 18. c4 {359} Ba6
{115} 19. Qd2 {396} Bb7 {488} 20. cxd5 {101} Qb5 {59} 21. Rc5 {512} Qxb2 {292}
22. Qxb2 {16} Bxb2 {10} 23. Rb5 {111} Bxd5 {245} 24. Bxd5 {215} exd5 {41} 25.
Rxb2 {10} a6 {111} 26. Rbd2 {106} Rab8 {36} 27. g3 {100} Rb5 {18} 28. a4 {74}
Rb4 {58} 29. Bg5 {152} Rd7 {42} 30. Bf6 {283} Rd6 {80} 31. Be7 {21} Rdb6 {18}
32. Bxb4 {16} Rxb4 {11} 33. Rxd5 {9} Rxa4 {12} 34. Rd8+ {24} Kg7 {12} 35. Ra8 {
11} Ra2 {16} 36. Rd6 {28} a5 {26} 37. Rda6 {21} Rd2 {24} 38. Rxa5 {15} Rd7 {11}
39. R8a7 {23} Rxa7 {17} 40. Rxa7 {12} h5 {8} 41. Kg2 {14} g5 {21} 42. h4 {32}
g4 {22} 43. f3 {12} Kg6 {22} 44. fxg4 {10} hxg4 {14} 45. Ra5 {12} f6 {19} 46.
h5+ {41} Kh6 {16} 47. Kf2 {10} Kg7 {18} 48. Ke3 {9} Kh6 {14} 49. Kf4 {10} Kg7 {
11} 50. Kxg4 {8} Kh6 {18} 51. Kf5 {26} Kg7 {15} 52. Ra6 {48} Kg8 {17} 53. Kxf6
{13} Kf8 {8} 54. Ra8# {7} 1-0

[Event "NJSK 2021 Meisjes C"]
[Site "Almelo, Netherlands"]
[Date "2021.08.05"]
[Round "5.2"]
[White "Ganeshram, Nirupa"]
[Black "Feng, Elysia"]
[Result "0-1"]
[WhiteElo "1378"]
[BlackElo "1650"]
[PlyCount "66"]
[EventDate "2021.??.??"]
[TimeControl "90/40+30:0"]

1. b3 {0} d5 {16} 2. Bb2 {5} Nf6 {11} 3. e3 {5} c5 {62} 4. f4 {58} Nc6 {95} 5.
Nf3 {85} e6 {129} 6. Be2 {212} Bd6 {123} 7. d3 {254} Qe7 {341} 8. h3 {557} e5 {
439} 9. fxe5 {282} Nxe5 {28} 10. Qd2 {477} Nxf3+ {67} 11. Bxf3 {80} Bg3+ {52}
12. Kd1 {117} Be6 {97} 13. Rf1 {366} O-O {255} 14. Qe2 {149} Rfe8 {194} 15. e4
{1062} Rad8 {1055} 16. Nd2 {229} dxe4 {312} 17. Bxe4 {120} Nxe4 {138} 18. Nxe4
{41} Bc7 {162} 19. c4 {827} Bc8 {114} 20. g4 {197} Qxe4 {62} 21. Qf2 {82} Qxd3+
{53} 22. Kc1 {12} Qe3+ {28} 23. Kc2 {24} Qxf2+ {38} 24. Rxf2 {6} Re3 {66} 25.
Raf1 {53} f6 {12} 26. h4 {47} Bxg4 {32} 27. Rg1 {19} h5 {34} 28. Rff1 {73} Re2+
{24} 29. Kb1 {21} Rdd2 {29} 30. Ba1 {25} Rxa2 {19} 31. Rd1 {42} Bf5+ {20} 32.
Rd3 {10} Bxd3+ {5} 33. Kc1 {10} Rxa1# {4} 0-1